 Dungeon Crawl Stone Soup version 0.31-a0-986-g5e6e4ef867 (webtiles) character file.

Game seed: 5135125334091017177

21736 CowFu the Severer (level 12, -7/106 HPs)
             Began as a Minotaur Berserker on Nov 22, 2023.
             Was a High Priest of Trog.
             Killed from afar by a wretched star (40 damage)
             ... with a lance of force
             ... on level 1 of the Abyss.
             The game lasted 00:14:01 (7755 turns).

CowFu the Severer (Minotaur Berserker)              Turns: 7755, Time: 00:14:02

Health: -7/106     AC: 18    Str: 23    XL:     12   Next: 56%
Magic:  20/20      EV: 17    Int:  4    God:    Trog [*****.]
Gold:   596        SH:  0    Dex: 23    Spells: 11/11 levels left

rFire   . . .        a - +8 battleaxe "Buddots" {flame, Dex+2}
rCold   . . .        (shield currently unavailable)
rNeg    . . .        q - +4 scale mail "Pagolico" {Rampage Regen+}
rPois   .            d - +0 hat of Pomovuf {Harm MP+9 Str-2 Slay+6}
rElec   .            (no cloak)
rCorr   .            Q - +2 pair of gloves {Dex+3}
SInv    .            k - +1 pair of boots
Will    +....        (no amulet)
Stlth   +            h - +6 ring of dexterity
HPRegen 1.17/turn    B - ring of willpower
MPRegen 0.17/turn

%: harm (+30% outgoing, +20% incoming), rampage
@: about to teleport
A: horns 2, retaliatory headbutt, ([teleportitis 2])
a: Renounce Religion, Berserk, Trog's Hand, Brothers in Arms


You were on level 1 of the Abyss.
You worshipped Trog.
Trog was extremely pleased with you.
You visited 1 branch of the dungeon, and saw 11 of its levels.
You visited the Abyss 1 time.

You collected 596 gold pieces.

Inventory:

Hand Weapons
 a - the +8 battleaxe "Buddots" (weapon) {flame, Dex+2}
   (Trog gifted it to you on level 9 of the Dungeon)

   Dex+2:     It affects your dexterity (+2).
 b - a +2 executioner's axe of draining
 x - a +0 hand axe of protection
 P - a +3 battleaxe of freezing
 S - a +2 flail of protection
Missiles
 g - 4 curare-tipped darts (quivered)
 D - 68 poisoned darts
 F - 4 javelins
 G - 11 boomerangs
 K - a throwing net
Armour
 d - the +0 hat of Pomovuf (worn) {Harm MP+9 Str-2 Slay+6}
   (You acquired it on level 7 of the Dungeon)

   Str-2:     It affects your strength (-2).
   Slay+6:    It affects your accuracy & damage with ranged weapons and melee
   (+6).
   MP+9:      It affects your magic capacity (+9).
   Harm:      It increases damage dealt and taken.
 k - a +1 pair of boots (worn)
 q - the +4 scale mail "Pagolico" (worn) {Rampage Regen+}
   (You found it on level 3 of the Dungeon)

   Regen+:    It increases your rate of health regeneration.
   Rampage:   It bestows one free step when moving towards enemies.
 M - +0 swamp dragon scales
 Q - a +2 pair of gloves of dexterity (worn)
Jewellery
 h - a +6 ring of dexterity (left hand)
 o - a ring of resist corrosion
 B - a ring of willpower (right hand)
 J - a ring of protection from cold
Wands
 i - a wand of flame (32)
 l - a wand of light (10)
 v - a wand of polymorph (4)
 E - a wand of paralysis (7)
 H - a wand of roots (11)
 I - a wand of mindburst (12)
Scrolls
 e - 4 scrolls of enchant armour
 n - a scroll of teleportation
 r - a scroll of revelation
 s - 2 scrolls of poison
 t - 2 scrolls of noise
 u - a scroll of identify
 A - a scroll of fog
 R - a scroll of enchant weapon {unknown}
Potions
 c - 3 potions of cancellation
 f - 4 potions of lignification
 j - a potion of haste
 m - 4 potions of magic
 p - a potion of enlightenment
 z - a potion of curing
 L - a potion of might
 N - a potion of brilliance
 O - 3 potions of resistance
Miscellaneous
 y - a condenser vane


   Skills:
 - Level 10.0 Fighting
 + Level 18.7 Axes
 - Level 10.0 Armour
 - Level 10.0 Dodging


You had 11 spell levels left.
You didn't know any spells.
Your spell library was empty.

Dungeon Overview and Level Annotations

Branches:
Dungeon (12/15)            Temple (0/1) D:4            Lair (0/5) D:9
    Orc (0/2) D:10

Altars:
Ashenzari
Dithmenos
Elyvilon
Hepliaklqana
Makhleb
Ru
Trog
Uskayaw
Wu Jian
Xom
Zin

Annotations:
D:12 Sonja


Innate Abilities, Weirdness & Mutations

You have a pair of horns on your head.
You reflexively headbutt those who attack you in melee.
[((You are often teleported next to monsters.))]


Message History

The iron imp shouts, "Give up, thou fulsome nose-picking slabber!"
The iron imp hits you but does no damage.
You barely miss the iron imp. Your headbutt misses the iron imp.
You slice the iron imp!!
You kill the iron imp!
Trog accepts your kill.
No target in view!
A thrashing horror comes into view.
The thrashing horror moves out of view.
A thrashing horror and 2 hell hogs come into view.
The thrashing horror roars!
The hell hog squeals angrily. x2
The hell hog breathes fire at you.
The fireball explodes!
The fireball engulfs you!!!
You hear a hideous shriek!
You hear an angry squeal.
The thrashing horror tramples you but does no damage.
The thrashing horror closely misses you.
The thrashing horror closely misses you.
The thrashing horror barely misses you.
As you read the scroll of teleportation, it crumbles to dust.
You feel strangely unstable.
You feel the power of the Abyss delaying your translocation!
The thrashing horror barely misses you. You furiously retaliate!
You headbutt the thrashing horror!
The thrashing horror tramples you but does no damage.
A wretched star comes into view.
The thrashing horror tramples you!
You hold your ground!
The thrashing horror barely misses you.
The thrashing horror tramples you but does no damage. x2
The wretched star pulses with an eldritch light!
You feel weirdly uncertain.
You feel even more weirdly uncertain. The thrashing horror misses you.
You furiously retaliate!
You headbutt the thrashing horror! The thrashing horror barely misses you.
The wretched star glows turbulently.
The lance of force hits you!!
You are knocked back by the lance of force.
You slam into the rock wall!
You rampage towards the wretched star!
The wretched star glows turbulently.
The lance of force hits you!!
You die...

#. #. #. .# ###.# .. .
#.#.####. ##
##.....#.## ## . .
#..#.# #.. ..
#...#.###.# #.
##......##@...##. #
##...## #..#.# ### #
##.. #.##..##.#.# # ..#
.#....*.#.## ##### .
#...
#....#.#.X.#.##...# ..
#..................# ..
..................#..
#..................#..#
...................#...


You could see a wretched star and a thrashing horror.

Vanquished Creatures
  Nessos (D:12)
  A boulder beetle (D:12)
  4 two-headed ogres
  A thrashing horror (Abyss:1)
  Urug (D:10)
  A sixfirhy (Abyss:1)
  Amaemon (D:8)
  A glowing orange brain (Abyss:1)
  The ghost of DocClef the Ruffian, a novice TrSh of Uskayaw (D:7)
  A flayed ghost (Abyss:1)
  Pikel (D:9)
  An ugly thing (D:12)
  A manticore (D:12)
  Joseph (D:7)
  2 kobold demonologists
  An orange demon (D:8)
  Maggie (D:7)
  A rime drake (D:9)
  A troll (D:9)
  A large abomination (Abyss:1)
  A harpy skeleton (Abyss:1)
  5 flying skulls (Abyss:1)
  A slime creature (D:12)
  A black mamba zombie (Abyss:1)
  2 wraiths
  2 shadows
  A fire bat (Abyss:1)
  14 yaks
  Eustachio (D:4)
  A steam dragon (D:8)
  2 vampire mosquitoes (D:12)
  An acid dragon (D:10)
  Edmund (D:4)
  2 water moccasins
  5 orc warriors
  5 ice beasts
  6 ogres
  A wolf (D:9)
  A centaur (D:6)
  2 phantoms
  A lemure (D:9)
  11 kobold brigands
  4 bullfrogs
  2 gnoll sergeants
  4 small abominations (Abyss:1)
  3 scorpions
  5 wights (D:7)
  29 killer bees
  A howler monkey (D:7)
  A quasit (Abyss:1)
  An iron imp (Abyss:1)
  11 orc priests
  2 jellies
  A gnoll bouda (D:10)
  3 hounds
  7 iguanas
  8 orc wizards
  20 gnolls
  8 adders
  A shadow imp (D:5)
  5 white imps
  An ufetubus (Abyss:1)
  A worm (D:2)
  4 dart slugs
  53 orcs
  3 endoplasms
  A giant cockroach (D:1)
  7 goblins
  6 hobgoblins
  6 jackals
  19 kobolds
  8 quokkas
  9 ball pythons
  9 bats
  A frilled lizard (D:2)
  4 rats
339 creatures vanquished.

Notes
Turn   | Place    | Note
-------+----------+-------------------------------------------
     0 | D:1      | CowFu the Minotaur Berserker began the quest for the Orb.
     0 | D:1      | Reached XP level 1. HP: 19/19 MP: 0/0
    83 | D:1      | Reached skill level 4 in Axes
   146 | D:1      | Reached XP level 2. HP: 24/26 MP: 1/1
   543 | D:1      | Reached skill level 5 in Axes
   700 | D:2      | Reached XP level 3. HP: 15/31 MP: 2/2
   905 | D:2      | Reached ** piety under Trog
  1069 | D:2      | Reached XP level 4. HP: 39/39 MP: 3/3
  1124 | D:2      | Reached skill level 6 in Axes
  1680 | D:3      | Identified the +4 scale mail "Pagolico" {Rampage Regen+}
  1707 | D:3      | Noticed a phantom
  1717 | D:3      | Killed a phantom
  1718 | D:3      | Reached skill level 7 in Axes
  1718 | D:3      | Reached XP level 5. HP: 45/45 MP: 4/4
  1781 | D:3      | Reached *** piety under Trog
  1824 | D:3      | Found a broken altar of Ashenzari.
  1874 | D:3      | Found a hazy altar of Hepliaklqana.
  1875 | D:3      | Found a shimmering altar of Xom.
  1876 | D:3      | Noticed a spectral ugly thing
  1876 | D:3      | Noticed a yak
  1938 | D:3      | Noticed an ogre
  1943 | D:3      | Killed an ogre
  1944 | D:3      | Reached skill level 8 in Axes
  1944 | D:3      | Reached XP level 6. HP: 51/51 MP: 5/5
  1991 | D:3      | Noticed an angel
  1992 | D:3      | Found a glowing silver altar of Zin.
  2263 | D:4      | Noticed Eustachio
  2302 | D:4      | Killed Eustachio
  2303 | D:4      | Reached skill level 9 in Axes
  2448 | D:4      | Noticed Edmund
  2474 | D:4      | Killed Edmund
  2475 | D:4      | Reached skill level 10 in Axes
  2475 | D:4      | Reached XP level 7. HP: 22/57 MP: 6/6
  2668 | D:4      | Found a bloodstained altar of Trog.
  2759 | D:4      | Reached skill level 11 in Axes
  3104 | D:4      | Found a staircase to the Ecumenical Temple.
  3206 | D:5      | Entered Level 5 of the Dungeon
  3586 | D:5      | Found an ornate altar of the Wu Jian Council.
  3657 | D:5      | Reached XP level 8. HP: 64/64 MP: 7/7
  3715 | D:5      | Reached skill level 12 in Axes
  3845 | D:5      | Found a hide-covered altar of Uskayaw.
  3873 | D:5      | Reached **** piety under Trog
  4012 | D:6      | Reached skill level 13 in Axes
  4094 | D:6      | Reached skill level 14 in Axes
  4242 | D:6      | Found a burning altar of Makhleb.
  4303 | D:6      | Reached XP level 9. HP: 30/71 MP: 8/8
  4495 | D:6      | Found a white marble altar of Elyvilon.
  4582 | D:7      | Noticed Maggie
  4597 | D:7      | Killed Maggie
  4598 | D:7      | Reached skill level 5 in Fighting
  4667 | D:7      | Found a shadowy altar of Dithmenos.
  4723 | D:7      | Reached skill level 5 in Armour
  4805 | D:7      | Noticed Joseph
  4823 | D:7      | Killed Joseph
  4823 | D:7      | Reached ***** piety under Trog
  4824 | D:7      | Reached skill level 5 in Dodging
  5054 | D:7      | Found a runed translucent gate.
  5054 | D:7      | Found a runed translucent gate.
  5054 | D:7      | Found a runed translucent gate.
  5055 | D:7      | Noticed DocClef's ghost (novice TrSh)
  5056 | D:7      | Noticed a kobold demonologist
  5328 | D:7      | Identified a scroll of acquirement
  5328 | D:7      | Acquired the +0 hat of Pomovuf {Harm MP+9 Str-2 Slay+6}
  5457 | D:7      | Reached XP level 10. HP: 86/86 MP: 9/9
  5457 | D:7      | Killed DocClef's ghost
  5545 | D:8      | Noticed a two-headed ogre
  5550 | D:8      | Killed a two-headed ogre
  5778 | D:8      | Noticed an orange demon
  5779 | D:8      | Noticed Amaemon
  5783 | D:8      | Killed an orange demon
  5788 | D:8      | Killed Amaemon
  6045 | D:9      | Found a staircase to the Lair.
  6051 | D:9      | Reached XP level 11. HP: 90/97 MP: 10/10
  6051 | D:9      | Noticed a two-headed ogre
  6055 | D:9      | Reached skill level 15 in Axes
  6062 | D:9      | Killed a two-headed ogre
  6070 | D:9      | Identified the +8 battleaxe "Buddots" {flame, Dex+2} (Trog
                  | gifted it to you on level 9 of the Dungeon)
  6070 | D:9      | Received a gift from Trog
  6165 | D:9      | Noticed Pikel
  6168 | D:9      | Killed Pikel
  6291 | D:9      | Found a sacrificial altar of Ru.
  6598 | D:10     | Entered Level 10 of the Dungeon
  6601 | D:10     | Found a staircase to the Orcish Mines.
  6614 | D:10     | Noticed Urug
  6626 | D:10     | Killed Urug
  6701 | D:10     | Reached skill level 10 in Fighting
  6746 | D:10     | Noticed a two-headed ogre
  6750 | D:10     | Killed a two-headed ogre
  6811 | D:10     | Reached skill level 10 in Armour
  6879 | D:10     | Noticed a two-headed ogre
  6882 | D:10     | Killed a two-headed ogre
  6883 | D:10     | Reached skill level 16 in Axes
  7065 | D:10     | You fall into a shaft and drop 2 floors!
  7101 | D:12     | Noticed a green ugly thing
  7109 | D:12     | Killed a green ugly thing
  7192 | D:12     | Noticed a boulder beetle
  7199 | D:12     | Reached skill level 10 in Dodging
  7203 | D:12     | Reached XP level 12. HP: 87/106 MP: 11/11
  7207 | D:12     | Killed a boulder beetle
  7211 | D:12     | Noticed Nessos
  7218 | D:12     | Killed Nessos
  7218 | D:12     | Received a gift from Trog
  7219 | D:12     | Reached skill level 17 in Axes
  7219 | D:12     | Noticed Sonja
  7230 | Abyss:1  | Cast into level 1 of the Abyss (Sonja)
  7521 | Abyss:1  | Reached skill level 18 in Axes
  7527 | Abyss:1  | Noticed a revenant
  7535 | Abyss:1  | HP: 4/99 [revenant/ghostly fireball (37)]
  7536 | Abyss:1  | HP: 1/99 [revenant] (3)]
  7741 | Abyss:1  | Noticed a hell hog
  7741 | Abyss:1  | Noticed a hell hog
  7755 | Abyss:1  | Killed from afar by a wretched star

Illustrated notes

Levels and vault maps discovered:
D:1:      grunt_arrival_lava_bath, layout_loops_ring, dreamdust_princess_bridge,
          serial_bayou_pond_e
D:2:      layout_basic
D:3:      minmay_spotlight, layout_basic, regret_index_temple_of_mockery,
          cheibrodos_ashenzari_chains, zin_angel, serial_park_tiny_1
D:4:      layout_basic, trog_butcher_becter, minmay_temple_entry_fiery,
          uniq_edmund, uniq_eustachio
D:5:      layout_basic, nzn_wu_jian_contemplation, mainiacjoe_overflow_alcove_2
D:6:      layout_rooms, mainiacjoe_overflow_catwalk,
          lemuel_coloured_pillars_altar, minmay_between
D:7:      layout_cave_pools, grunt_dithmenos_smoke_and_mirrors,
          gammafunk_ghost_nasty_kobolds, uniq_maggie, uniq_joseph
D:8:      layout_cave_pools, uniq_amaemon
D:9:      layout_roguey, mainiacjoe_overflow_cross_hatched,
          hellmonk_lair_entry_icy, uniq_pikel
D:10:     layout_long_grid, david_orc_5, grunt_ogre_cave, uniq_urug
D:12:     layout_basic, uniq_sonja, uniq_nessos, uniq_snorg
Abyss:1:  base: D:3, base:
D:3

Skill      XL: |  1  2  3  4  5  6  7  8  9 10 11 12 |
---------------+-------------------------------------+-----
Axes           | 4 5 7 8 10 11 14 16 18 | 18.7
Fighting       | 4 7 9 10 | 10.0
Armour         | 6 8 10 | 10.0
Dodging        | 5 7 10 | 10.0

Action                     |  1- 3 |  4- 6 |  7- 9 | 10-12 || total
---------------------------+-------+-------+-------+-------++-------
  Melee: Hand axe          |    76 |   131 |   343 |       ||   550
         Headbutt          |     7 |    26 |    59 |    40 ||   132
         Punch             |     2 |       |     5 |       ||     7
         Battleaxe         |       |       |     5 |   226 ||   231
 Invoke: Trog's Hand       |       |       |       |     1 ||     1
    Use: Scroll            |       |       |    21 |     5 ||    26
         Potion            |       |       |     5 |       ||     5
   Stab: Sleeping          |     2 |       |       |       ||     2
 Armour: Animal skin       |    37 |    17 |       |       ||    54
         Scale mail        |       |    44 |   211 |   145 ||   400
         Skin              |       |    53 |    13 |       ||    66
  Dodge: Dodged            |    58 |    65 |   155 |   166 ||   444

Table legend: (Time is in decaauts)
 A = Elapsed time spent in this place.
 B = Non-inter-level travel time spent in this place.
 C = Inter-level travel time spent in this place.
 D = Time resting spent in this place.
 E = Time spent auto-exploring this place.
 F = Levels seen in this place.
 G = Mean time per level.
                   A        B        C        D        E       F      G
               +--------+--------+--------+--------+--------+-----+--------+
         Total |   7626 |   7016 |    610 |      0 |   5481 |  12 |  635.5 |
       Dungeon |   7112 |   6502 |    610 |      0 |   5122 |  11 |  646.5 |
         Abyss |    514 |    514 |      0 |      0 |    359 |   1 |  514.0 |
               +--------+--------+--------+--------+--------+-----+--------+

Top non-repeatable levels by time:
     D:4: 1073 daAuts
     D:2: 961 daAuts
     D:7: 908 daAuts
     D:3: 761 daAuts
     D:1: 628 daAuts
     D:9: 549 daAuts
     D:6: 542 daAuts
     D:8: 531 daAuts
     D:5: 528 daAuts
 Abyss:1: 514 daAuts
    D:10: 468 daAuts
    D:12: 160 daAuts
